[Event "ITT 1st Parada Jamundi 2022"]
[Site "Jamundi Valle"]
[Date "2022.12.11"]
[Round "9.10"]
[White "Pazos Gambarrotti, Plinio"]
[Black "Mateus, Alejandro"]
[Result "0-1"]
[ECO "B10"]
[WhiteElo "2083"]
[BlackElo "2308"]
[Annotator "TA"]
[PlyCount "84"]
[EventDate "2022.12.05"]
[EventType "swiss"]
[EventCountry "COL"]
[SourceTitle "playchess.com"]
[Source "ChessBase"]
[SourceQuality "1"]
[TimeControl "5400+30"]

1. c4 c6 2. e4 d5 3. exd5 cxd5 4. cxd5 Nf6 5. Qa4+ Nbd7 6. Nc3 g6 7. Nf3 Bg7 8. Bc4 {[%emt 0:00:19] B10: Caro-Kann: 2 d3 and 2 c4.} O-O 9. d3 a6 {[%emt 0:06:40] Threatens to win with ...b5.} (9... Nb6 $5 10. Qb3 Bg4 $11) 10. Qa3 {[%emt 0:00:17] The position is equal.} Nb6 11. Qb3 Nxc4 12. dxc4 Qc7 13. Be3 Bf5 {[%emt 0:05:02] [#]} 14. Ne2 $146 ({Better is} 14. Bb6 $14 Qf4 15. O-O) ({Predecessor:} 14. Bb6 Qf4 15. Ne2 Qe4 16. Rc1 Rac8 17. Kf1 Bh6 18. Be3 Bxe3 19. fxe3 b5 20. Nd2 {0-1 (58) Nosacheva,M (2166)-Gvanceladze,A (2183) Cheliabinsk 2022}) 14... Rfc8 {[%emt 0:15:36][%mdl 1024] Black has compensation.} 15. Rc1 Nd7 (15... b5 $1 $15 16. c5 Rd8) 16. Bf4 (16. Nh4 $16) 16... Qd8 (16... Qa5+ $15 17. Bd2 Qb6) 17. Be3 (17. Qxb7 $2 Nc5 $19) (17. O-O $11) 17... Bg4 (17... Qa5+ $15 18. Bd2 Qb6 19. Qxb6 Nxb6) 18. Ned4 (18. Qxb7 $2 {too greedy.} Rab8 19. Qa7 (19. Qxa6 $2 {loses.} Bxf3 20. gxf3 Ra8 $19) 19... Rxb2 $19) (18. O-O $14) 18... Nc5 19. Qc2 Qa5+ (19... e5 {simplifies} 20. dxe6 Nxe6 21. Qd2 Bxf3 22. Nxf3 Qxd2+ 23. Kxd2 Bxb2 24. Rb1 Bf6) 20. Bd2 (20. Ke2 $11 {remains equal.}) 20... Qxa2 $17 21. b4 Qxc2 22. Rxc2 Nd3+ 23. Ke2 Bxd4 {[%emt 0:02:22] Black is much more active. The white rooks are badly placed. A strong pair of Bishops.} 24. Kxd3 Bf5+ 25. Kxd4 {[%emt 0:00:06] aiming for Rcc1.} Bxc2 26. Re1 (26. Rc1 $17 Bf5 27. Re1) 26... Bb3 $19 27. Rc1 b5 28. Ne5 Bxc4 29. Nc6 Re8 (29... Rc7 $142 30. Be3 Rd7) 30. Re1 e5+ ({Black should play} 30... Kg7 $17 {[%cal Oc4d5] Strongly threatening ...Bxd5!} 31. Nxe7 Rad8) 31. Kc5 $2 {[%emt 0:00:49] [#] Loses the game.} ({White must play} 31. Rxe5 $15 Rxe5 32. Kxe5) 31... f6 ({Black should try} 31... Bxd5 $1 $19 32. Kxd5 {[#]} Red8+ $1 33. Nxd8 Rxd8+ 34. Kc6 Rxd2) 32. d6 Be6 {[%emt 0:01:02] Inhibits d7. White must now prevent ...Kf7.} 33. f4 (33. Ne7+ $17 Kf7 34. Kc6) 33... exf4 34. Rxe6 $2 (34. Bxf4 {might work better.} Rac8 35. Kb6) 34... Rxe6 {[%emt 0:00:08] Black is clearly winning.} 35. d7 (35. Bxf4 $142 Rc8 36. Kb6) 35... g5 36. Bc3 Kg7 37. h4 h6 38. Nd4 Re7 39. Kd6 Kf7 {[%emt 0:00:27] ...Rd8 is the strong threat.} 40. Nc6 {[%emt 0:00:56] Against Rd8} Re6+ 41. Kc7 {[%emt 0:01:01] [#]} Rxc6+ $1 42. Kxc6 Ke6 {[%emt 0:00:29] Weighted Error Value: White=1.16/Black=0.38} 0-1

[Event "ITT 1st Parada Jamundi 2022"]
[Site "Jamundi Valle"]
[Date "2022.12.10"]
[Round "9.11"]
[White "Mora Munoz, Alejandro"]
[Black "Gonzalez Velasco, Leandro"]
[Result "1/2-1/2"]
[ECO "B65"]
[WhiteElo "1959"]
[BlackElo "1915"]
[Annotator "TA"]
[PlyCount "34"]
[EventDate "2022.12.05"]
[EventType "swiss"]
[EventCountry "COL"]
[SourceTitle "playchess.com"]
[Source "ChessBase"]
[SourceQuality "1"]
[TimeControl "5400+30"]

1. e4 c5 2. Nf3 d6 3. d4 cxd4 4. Nxd4 Nf6 5. Nc3 Nc6 6. Bg5 e6 7. Qd2 Be7 8. O-O-O O-O 9. f4 Nxd4 10. Qxd4 Qa5 11. e5 $1 {[%emt 0:00:19][%mdl 4] is more profitable than 11.Bc4 at the moment.} dxe5 {[%emt 0:00:36] B65: Sicilian: Richter-Rauzer: 7...Be7 8 0-0-0 0-0 9 f4 Nxd4.} 12. Qxe5 ({Much weaker is} 12. fxe5 Rd8 13. Qf4 Rxd1+ 14. Kxd1 Nd5 15. Nxd5 Qxd5+ 16. Kc1 Bxg5 17. Qxg5 Bd7 $15) 12... Qxe5 13. fxe5 Nd5 {[%emt 0:00:07] The position is equal.} 14. Bxe7 Nxe7 15. Bb5 a6 {[%emt 0:00:54] [#]} 16. Bd7 $146 ({Predecessor:} 16. Bd3 b5 17. Be4 Rb8 18. Rd6 b4 19. Na4 Rb5 20. Re1 Nf5 21. Bxf5 exf5 22. c4 bxc3 23. Nxc3 {0-1 (47) Huebner,R (2583)-Breder,D (2463) Switzerland 2016}) 16... Rd8 17. Bxc8 Raxc8 {[%emt 0:00:04] An interesting draw.   Weighted Error Value: White=0.19 (very precise) /Black=0.16 (very precise)} 1/2-1/2

[Event "ITT 1st Parada Jamundi 2022"]
[Site "Jamundi Valle"]
[Date "2022.12.11"]
[Round "9.12"]
[White "Mogollon Tobar, Nicolle Julieth"]
[Black "Londono Lopez, Donaldo"]
[Result "1/2-1/2"]
[ECO "B53"]
[WhiteElo "1840"]
[BlackElo "2055"]
[Annotator "TA"]
[PlyCount "93"]
[EventDate "2022.12.05"]
[EventType "swiss"]
[EventCountry "COL"]
[SourceTitle "playchess.com"]
[Source "ChessBase"]
[SourceQuality "1"]
[TimeControl "5400+30"]

1. e4 c5 2. Nf3 d6 3. Bb5+ Nc6 4. d4 cxd4 5. Qxd4 a6 6. Bxc6+ {[%emt 0:00:17] B53: Sicilian: 2...d6: Lines with Qxd4.} bxc6 7. c4 e5 8. Qd3 Ne7 9. O-O Ng6 10. Nc3 Be7 11. Ne2 {[%emt 0:01:59] [#]} Be6 $146 ({Predecessor:} 11... O-O 12. Ng3 d5 13. cxd5 cxd5 14. exd5 f5 15. Qc4 Kh8 16. Re1 e4 17. Nd4 Ne5 {1-0 (41) Dimakiling,O (2423)-Matlakov,M (2692) Sharjah 2019}) 12. Rd1 O-O 13. Ng3 {[%emt 0:03:34] Against f5} f6 (13... Qd7 $15) 14. h4 $11 Nh8 15. b3 Nf7 16. h5 Qc7 17. Nh4 Rfd8 18. Qf3 {[%emt 0:02:39] Inhibits d5.} Rd7 19. Ngf5 {[%emt 0:05:41] Threatens to win with h6.} Bf8 $1 20. Qg4 Kh8 21. Rd3 d5 22. cxd5 (22. exd5 {seems wilder.} cxd5 23. cxd5 Bxd5 24. Ba3) 22... cxd5 23. exd5 Rxd5 24. Rxd5 {[%emt 0:00:30] Dancing on a razor blade.} Bxd5 {[%emt 0:00:26] [#]} 25. Be3 (25. Ba3 $1 $14 Nh6 26. Qd1 Bxa3 27. Qxd5) 25... Nd6 (25... Be6 {simplifies} 26. Qf3 Rd8 27. Rc1 Qd7) 26. Rc1 Qb7 27. Nxd6 Bxd6 28. Qf5 Ba3 {[%emt 0:05:48] A strong pair of Bishops.} 29. Rc3 Be4 {[%emt 0:01:01] Inhibits h6.} 30. Qe6 {[%emt 0:00:24] h6 is the strong threat.} Bb4 {[%emt 0:01:09] Prevents h6.} (30... Bd5 $11 31. Qg4 Bf8) 31. Rc1 {[%emt 0:01:02] White is more active.} (31. Rc4 $16) 31... Ba3 32. Rc3 Bd5 $36 {[%emt 0:00:08][%mdl 2048] Prevents h6. Black is more active.} 33. Qf5 Bb4 {[%emt 0:00:00] Against h6} 34. Rc1 Be7 35. f4 Ba3 36. Rc3 Be4 {[%emt 0:01:50] Against h6} 37. Qe6 {[%emt 0:00:32] [#]} (37. Qh3 $11) 37... Bb2 $1 $17 38. Rc5 exf4 39. Bf2 Be5 (39... Rd8 $17 {Hoping for ...g5.} 40. Qg4 Re8 41. Ng6+ hxg6 42. hxg6 Kg8) 40. h6 $11 gxh6 (40... Rd8 $11) 41. Rxe5 $1 $14 fxe5 42. Qxe5+ Kg8 43. Qe6+ ({And not} 43. Qxf4 Qc6 44. Nf5 (44. Bd4 $2 Rf8 $17) 44... Bxf5 45. Qxf5 Re8 $17) (43. Bd4 $1 $14 Rf8 44. Qe6+ Rf7 45. Qe8+ (45. Qxh6 $2 Qd5 $19) 45... Rf8 46. Qe5) 43... Kf8 {[%emt 0:01:03] The position is equal.} 44. Bc5+ ({Of course not} 44. Qxh6+ Ke8 $15) 44... Kg7 45. Bd4+ {[%emt 0:00:41][%mdl 64] Overworked Piece} Kf8 46. Bc5+ ({Reject} 46. Qxh6+ Ke8 47. Qxf4 Qd5 $17) 46... Kg7 47. Bd4+ {[%emt 0:04:25] Weighted Error Value: White=0.14 (very precise) /Black=0.17 (very precise)} 1/2-1/2

[Event "ITT 1st Parada Jamundi 2022"]
[Site "Jamundi Valle"]
[Date "2022.12.11"]
[Round "9.13"]
[White "Lopez Rayo, Isabella"]
[Black "Malka, Samuel"]
[Result "0-1"]
[ECO "B33"]
[WhiteElo "1898"]
[BlackElo "2265"]
[Annotator "TA"]
[PlyCount "63"]
[EventDate "2022.12.05"]
[EventType "swiss"]
[EventCountry "COL"]
[SourceTitle "playchess.com"]
[Source "ChessBase"]
[SourceQuality "1"]
[TimeControl "5400+30"]

1. e4 c5 2. Nf3 Nc6 3. d4 cxd4 4. Nxd4 Nf6 5. Nc3 e5 6. Ndb5 d6 7. Bg5 a6 8. Na3 b5 9. Nd5 Be7 10. Bxf6 Bxf6 11. c3 O-O 12. Be2 Bg5 13. Nc2 Rb8 14. O-O a5 15. Qd3 Ne7 16. Rad1 {[%emt 0:18:17] B33: Sicilian: Pelikan and Sveshnikov Variations.} Nxd5 17. Qxd5 Bb7 (17... Be6 $5 18. Qxd6 Qxd6 19. Rxd6 b4 $11) 18. Qd3 {[%emt 0:03:37] [#] The position is equal.} Qb6 $146 ({Predecessor:} 18... Bc6 19. Bf3 Be7 20. Ne3 g6 21. Rd2 Qb6 22. Rfd1 Qb7 23. Qb1 Kh8 24. Nd5 Bg5 {½-½ (73) Zuse,P (2305)-Schmid,G (2315) Germany 1990}) 19. Na3 Rfd8 20. Qxb5 (20. Nxb5 {keeps more tension.} d5 21. exd5 Bxd5 22. Qf5) 20... Qc7 21. Qa4 d5 22. exd5 Bxd5 23. Qg4 (23. Bc4 {simplifies} Qc6 24. Qxc6 Bxc6 25. Rxd8+ Rxd8 26. b4) 23... Be7 ({Don't take} 23... Rxb2 24. c4 Rxe2 25. Qxe2 $16) 24. Nb5 Qc5 25. c4 Be6 {[%emt 0:00:47] This pair of bishops is nice.} 26. Rxd8+ Rxd8 27. Qe4 (27. Qf3 {simplifies} Bxc4 28. Bxc4 Qxc4 29. Nc3) 27... Rd2 28. Nc3 ({Don't go for} 28. Bd3 $2 f5 29. Qa8+ Bf8 30. Qxa5 Rxd3 $19) 28... Qd4 {[%emt 0:07:31] [#] And now ...Qxe4 would win.} 29. Qa8+ Bf8 30. Qxa5 Rxb2 {[%emt 0:00:15] Strongly threatening ...e4. Black is much more active.} ({But not} 30... Bxc4 31. Bxc4 Qxc4 32. Qxe5 $11) 31. Rd1 $2 {[%emt 0:00:48][%mdl 8192] [#] Inhibits e4.} (31. h3 $17) 31... Rxe2 $1 $19 32. Nb1 {[%emt 0:09:15] Weighted Error Value: White=0.44/Black=0.04 (flawless)} (32. Rf1 Qd2) 0-1

[Event "ITT 1st Parada Jamundi 2022"]
[Site "Jamundi Valle"]
[Date "2022.12.11"]
[Round "9.14"]
[White "Borrero, Alexander"]
[Black "Hernandez Pinzon, Helvert"]
[Result "1-0"]
[ECO "B20"]
[WhiteElo "1988"]
[BlackElo "1835"]
[Annotator "TA"]
[PlyCount "51"]
[EventDate "2022.12.05"]
[EventType "swiss"]
[EventCountry "COL"]
[SourceTitle "playchess.com"]
[Source "ChessBase"]
[SourceQuality "1"]
[TimeControl "5400+30"]

1. e4 c5 2. a3 a6 3. b4 {[%emt 0:02:06] [#]} b6 $146 ({Predecessor:} 3... Nc6 4. bxc5 e5 5. Nf3 Bxc5 6. Bc4 Nf6 7. Nc3 O-O 8. d3 d6 9. h3 Nd4 {½-½ (59) Geller,J (2481)-Frolyanov,D (2577) Nizhnij Tagil 2015}) 4. bxc5 bxc5 5. Nc3 Nc6 6. Bc4 {[%emt 0:00:16] B20: Sicilian: Unusual White 2nd moves.} Nf6 7. Nf3 d6 {[%emt 0:06:40] Prevents e5.} 8. h3 {[%emt 0:03:56] The position is equal.} e6 9. d4 (9. O-O) (9. Rb1 $11) 9... cxd4 $1 $17 10. Nxd4 Bd7 (10... Qa5 11. Bb2 Qc5 12. Nxc6 Qxc4) ({Black should try} 10... Qa5 $1 $17 11. Bb2 Qc5 12. Nxc6 Qxc4) 11. O-O $15 Be7 12. Rb1 Qc7 {[%emt 0:00:49] And now ...Ne5 would win.} 13. Be2 O-O 14. Bb2 (14. Nxc6 $11 Bxc6 15. Qd3) 14... Ne5 $17 15. Nf3 Nc4 {[%emt 0:13:43] Hoping for ...Nxb2.} 16. Bxc4 Qxc4 17. e5 Nd5 (17... dxe5 $15 {was preferrable.} 18. Nxe5 Qc7 19. Nxd7 Nxd7) 18. Nxd5 $11 exd5 19. Re1 Rfc8 20. exd6 Bxd6 {[%emt 0:48:44] A strong pair of Bishops.} 21. Ne5 Qc7 {[%emt 0:00:00] [#] This move loses the game for Black.} (21... Bxe5 $11 {and Black has nothing to worry.} 22. Bxe5 Bf5) 22. Nxf7 $1 $40 {[%emt 0:44:24][%cal Od1d4][%mdl 128] aiming for Qd4! White attacks with force.} (22. Qxd5 Be6 23. Qd2 Rab8 $11) 22... Kxf7 $2 (22... Bh2+ 23. Kh1 Ba4 24. Nh6+ (24. Qxd5 Qxf7 25. Qxf7+ Kxf7) 24... Kh8 25. Qxd5) (22... Rf8) (22... Bh2+ $2 23. Kh1 Ba4 {[#]} 24. Nh6+ $1 (24. Qxd5 Qxf7 25. Qxf7+ Kxf7 $16) 24... Kh8 25. Qg4 $18) (22... Rf8) 23. Qd4 {[%emt 0:00:00][%csl Gb2][%cal Rd4g7] White is clearly winning.} (23. Qxd5+ Kf8) ({Weaker is} 23. Qxd5+ Kf8 $18) 23... Rg8 24. Qxd5+ Kf8 25. Qxa8+ Bc8 26. Qf3+ {[%emt 0:00:00] Weighted Error Value: White=0.14 (very precise) /Black=0.31} 1-0

[Event "ITT 1st Parada Jamundi 2022"]
[Site "Jamundi Valle"]
[Date "2022.12.11"]
[Round "9.15"]
[White "Luligo Bejarano, Luis Angel"]
[Black "Navia Alvarez, Edwin Adrian"]
[Result "1-0"]
[ECO "A36"]
[WhiteElo "1675"]
[BlackElo "2023"]
[Annotator "TA"]
[PlyCount "75"]
[EventDate "2022.12.05"]
[EventType "swiss"]
[EventCountry "COL"]
[SourceTitle "playchess.com"]
[Source "ChessBase"]
[SourceQuality "1"]
[TimeControl "5400+30"]

1. e4 c5 2. c4 Nc6 3. Ne2 d6 4. g3 g6 5. Bg2 Bg7 6. Nbc3 e5 7. d3 Nge7 8. O-O a6 {[%emt 0:00:19] A36: Symmetrical English vs ...g6: 4 Bg2 Bg7.} 9. Rb1 O-O 10. a3 Nd4 {[%emt 0:11:21] The position is equal.} (10... Bg4 {is more complex.} 11. b4 b5 12. Bg5 Nd4) 11. b4 b6 {[%emt 0:14:22] [#]} 12. h3 $146 (12. f4 {feels hotter.} b5 13. cxb5 exf4 14. bxc5 dxc5 15. b6) ({Predecessor:} 12. f4 Ra7 13. bxc5 bxc5 14. Nxd4 cxd4 15. Na4 Be6 16. Bd2 f5 17. fxe5 dxe5 18. Nc5 {1-0 (39) Shtereva,S (2118)-Boneva,Z (2010) Sunny Beach 2005}) 12... Ra7 13. bxc5 Nxe2+ (13... bxc5 {is interesting.} 14. Bg5 f6 15. Bd2 Nec6) 14. Qxe2 bxc5 15. Rb3 Bd7 16. Be3 h6 17. f3 (17. Rfb1) (17. Rfb1 $14) 17... f5 $11 18. Bf2 (18. Qd2) (18. Qd2 $5 ) 18... h5 (18... f4) (18... f4 $11) 19. Rfb1 (19. exf5 $14 Nxf5 20. Rfb1) 19... g5 $2 (19... f4) (19... f4 $1 $11 {and Black stays safe.}) 20. Qb2 $2 (20. exf5 Nxf5 21. f4) (20. exf5 $1 $18 {And now g4 would win.} Bxf5 21. Rb6) 20... Bc6 (20... f4 $11) 21. Rb6 (21. Rb8 Qxb8 22. Qxb8 Rxb8 23. Rxb8+ Kf7 24. exf5) (21. Rb8 $16 Qc7 22. Qb6) 21... Qd7 (21... f4 $11) 22. Nd5 (22. exf5 $1 $14 Nxf5 23. Ne4) 22... Nc8 {[%emt 0:00:30] [#]} (22... Nxd5 $11 {keeps the balance.} 23. exd5 Ba4) 23. Rb8 {[%emt 0:00:30] White has more active pieces.} (23. Rxc6 $1 $16 Qxc6 24. exf5) 23... Bxd5 {[%emt 0:00:00] White leaves nothing to chance now.} (23... f4 $11) 24. cxd5 $16 (24. exd5 $6 f4 $14) 24... fxe4 (24... f4 $16) 25. dxe4 $18 Rf7 $2 (25... h4 26. g4 (26. gxh4 gxh4 27. Bxh4 Bh6 $16) 26... Kh7) 26. Qd2 Bf6 27. Kh2 {[%emt 0:00:00] Threatens to win with h4.} Kh7 28. h4 Rg7 (28... g4 29. fxg4 hxg4) 29. hxg5 Bxg5 30. Be3 Bxe3 31. Qxe3 {[%emt 0:00:00] Strongly threatening Bh3.} Ne7 (31... Rg8 $142 32. Bh3 Qg7 33. Bf5+ (33. Rxc8 $2 {leads to mate.} Qxg3+ 34. Kh1 Qxh3#) 33... Kh8) 32. Bh3 Qa4 33. R1b2 {[%emt 0:00:00] aiming for Be6.} (33. Rh8+ Kxh8 34. Qh6+ Rh7 35. Rb8+ Ng8 36. Qf6+ Rhg7 37. Be6 Kh7 38. Rxg8) 33... Qd4 34. Qe2 (34. Qc1 $142) 34... h4 $2 (34... Rg6 {was called for.} 35. Be6 Kg7) 35. f4 hxg3+ {[%emt 0:01:40] [#]} 36. Kh1 $1 {[%emt 0:00:00][%cal Re2h5] The board is on fire.} ({Not} 36. Kg2 Qf2+ 37. Qxf2 gxf2+ 38. Kxf2 exf4 $16) 36... g2+ (36... exf4 $2 37. Qh5#) (36... Kh6 $18) 37. Bxg2 Rg6 38. Qh5+ {[%emt 0:01:30] Weighted Error Value: White=0.59/Black=0.89} 1-0

[Event "ITT 1st Parada Jamundi 2022"]
[Site "Jamundi Valle"]
[Date "2022.12.10"]
[Round "9.16"]
[White "Franco, Jhonier"]
[Black "Vacca, Leonardo"]
[Result "1-0"]
[ECO "B20"]
[WhiteElo "1900"]
[BlackElo "2041"]
[Annotator "TA"]
[PlyCount "45"]
[EventDate "2022.12.05"]
[EventType "swiss"]
[EventCountry "COL"]
[SourceTitle "playchess.com"]
[Source "ChessBase"]
[SourceQuality "1"]
[TimeControl "5400+30"]

1. e4 c5 2. b4 b6 3. b5 Bb7 4. Nc3 Nf6 5. e5 {[%emt 0:01:43] [#]} Ne4 $146 ({Predecessor:} 5... Nd5 6. Qf3 Qc7 7. Bc4 Qxe5+ 8. Nge2 e6 9. Bb2 Nxc3 10. Qxb7 Qe4 11. Qc8+ Ke7 12. Bd3 Qxg2 13. Rg1 Qxh2 14. Bxc3 {1-0 (14) Frink,F (2250)-Grimm,D (2054) Heviz 2011}) 6. Nxe4 {[%emt 0:06:59] B20: Sicilian: Unusual White 2nd moves.} Bxe4 7. Qg4 Bb7 8. Bc4 (8. Bb2 $11) 8... h5 9. Qf4 e6 10. Nf3 Be7 11. h4 {[%emt 0:00:24] Against g5} d5 12. exd6 Bxd6 13. Qe3 {[%emt 0:00:48] [#]} Qf6 $1 {[%emt 0:01:08] Prevents Bb2.} 14. Rb1 Bxf3 (14... Nd7 $17 {And now ...Qg6 would win.} 15. Bd3 Ne5) 15. gxf3 {[%emt 0:00:43] Black must now prevent Bd5.} Nd7 16. Bd5 (16. Qe4 $15 O-O 17. Rg1) 16... Rc8 ({Black should try} 16... Bf4 $17 17. Qe4 Rd8) 17. Bc6 {[%emt 0:01:38] [#]} Bf4 $1 18. Qe4 Rc7 19. Bb2 e5 20. d4 (20. Kf1 $15) 20... O-O (20... cxd4 $17 {Strongly threatening ...0-0.} 21. Ba3 Qe6) 21. d5 Qd6 22. Rg1 f5 $2 {[%emt 0:00:50][%mdl 8192] [#]} (22... Nf6 $15 23. Qd3 Ne8) 23. Qxf4 $3 {[%emt 0:00:27][%mdl 512] Weighted Error Value: White=0.22 (precise) /Black=0.53} 1-0

[Event "ITT 1st Parada Jamundi 2022"]
[Site "Jamundi Valle"]
[Date "2022.12.10"]
[Round "9.17"]
[White "Mata Zambrano, Luis Enrique"]
[Black "Simancas Maradei, Miguel Alejand"]
[Result "0-1"]
[ECO "B84"]
[WhiteElo "1544"]
[BlackElo "2027"]
[Annotator "TA"]
[PlyCount "44"]
[EventDate "2022.12.05"]
[EventType "swiss"]
[EventCountry "COL"]
[SourceTitle "playchess.com"]
[Source "ChessBase"]
[SourceQuality "1"]
[TimeControl "5400+30"]

1. e4 c5 2. Nf3 d6 3. d4 cxd4 4. Nxd4 Nf6 5. Nc3 a6 6. Be2 e6 7. O-O Be7 8. a4 O-O 9. a5 {[%emt 0:00:23] B84: Sicilian Scheveningen: 6 Be2 a6, lines without early Be3.} e5 10. Nb3 Nc6 11. Be3 {[%emt 0:00:25] White has an edge.} Be6 12. Bb6 Qd7 13. Bf3 Bd8 {[%emt 0:20:16] [#]} 14. Nd5 $146 ({Predecessor:} 14. Na4 Rb8 15. Qd2 Bxb6 16. Nxb6 Qc7 17. c4 Nd7 18. Nd5 Qd8 19. Rfd1 Nc5 20. Nc1 {½-½ (33) Vdovin,V-Eliseev,A (2030) Tula 2004}) 14... Bxd5 15. exd5 Ne7 {[%emt 0:00:15] White should prevent ...Bxb6.} 16. Bxd8 Rfxd8 17. c4 Rac8 18. Qd3 Ng6 {[%emt 0:05:06] Strongly threatening ...Nf4.} 19. g3 {[%emt 0:01:19] [#] Inhibits Nf4.} (19. Nd2 $11) 19... e4 $1 $17 20. Bxe4 {[%emt 0:00:14] Hoping for Bf5.} Ne5 21. Bf5 Nxd3 $19 {[%emt 0:00:47] Pair of Knights!} 22. Bxd7 Rxd7 {[%emt 0:00:24] Weighted Error Value: White=0.60/Black=0.04 (flawless)} 0-1

[Event "ITT 1st Parada Jamundi 2022"]
[Site "Jamundi Valle"]
[Date "2022.12.11"]
[Round "9.19"]
[White "Quiceno Ramirez, Edwin Alejandro"]
[Black "Renteria, Rolando"]
[Result "0-1"]
[ECO "E98"]
[WhiteElo "1787"]
[BlackElo "2046"]
[Annotator "TA"]
[PlyCount "90"]
[EventDate "2022.12.05"]
[EventType "swiss"]
[EventCountry "COL"]
[SourceTitle "playchess.com"]
[Source "ChessBase"]
[SourceQuality "1"]
[TimeControl "5400+30"]

1. d4 Nf6 2. c4 g6 3. Nc3 Bg7 4. e4 d6 5. Nf3 O-O 6. Be2 e5 7. O-O Nc6 8. d5 Ne7 9. Ne1 Ne8 10. Nd3 f5 11. f3 f4 12. Bd2 g5 13. Be1 {[%emt 0:00:30] E98: King's Indian: Classical Main Line: 9 Ne1.} Rf6 14. c5 Rh6 15. b4 {[%emt 0:01:15] White is slightly better.} Nf6 {[%emt 0:00:13] [#]} 16. Nf2 $146 ({Predecessor:} 16. Rc1 Qe8 17. Nf2 Bd7 18. Qb3 Qh5 19. h3 Qe8 20. c6 Bc8 21. cxb7 Bxb7 22. Nb5 {1-0 (53) Prieb,R (1426)-Farokhi,K (1262) Willingen 2015}) 16... Rg6 17. cxd6 cxd6 18. Rc1 a6 {[%emt 0:01:43] Prevents Nb5.} 19. a4 h5 20. h3 Bf8 (20... g4 {keeps more tension.} 21. fxg4 hxg4 22. Nxg4 Bxg4 23. hxg4 Qb6+) 21. a5 b5 {[%emt 0:03:38] Against Na4} 22. Rc2 (22. axb6 Qxb6 23. Kh1) ({White should try} 22. axb6 $11 Qxb6 23. Kh1) 22... Qd7 23. Na2 Qa7 24. Qc1 Ne8 (24... g4 {feels hotter.} 25. Rc7 Bb7 26. Kh1 g3) 25. Kh2 {[%emt 0:07:47] Inhibits g4.} Bh6 26. Qd1 {[%emt 0:02:56] Against g4} Nf6 (26... Bd7 {simplifies} 27. Nc1 Nf6 28. Ncd3 Rf8) 27. Nd3 (27. Qc1 Qb8 28. Rh1 (28. Rc7 Ra7)) (27. Nc1 $15 {is more appropriate.}) 27... g4 $17 28. Nxe5 dxe5 29. d6 gxh3 (29... Ne8 30. dxe7 (30. Rxc8 Rxc8) 30... g3+ 31. Kh1 Bxh3) (29... g3+ $17 30. Kh1 Be6 $1) 30. dxe7 $4 {[%emt 0:04:48][%mdl 8192] Now White is beyond hope.} (30. Rc7 Qd4 31. Rxe7) ({White has to play} 30. Rc7 $1 $15 Rxg2+ 31. Kh1) 30... Qxe7 (30... hxg2 31. Qd8+ Kf7 32. Rg1) ({And not} 30... hxg2 31. Qd8+ Kf7 32. Rg1 $11) (30... Rxg2+ $142 31. Kh1 Qxe7) 31. Rg1 $19 Be6 {[%emt 0:02:57] White must now prevent ...Rd8.} 32. Nc1 $2 (32. gxh3 Rxg1 33. Kxg1) (32. gxh3 Rxg1 33. Kxg1) 32... Kh8 33. Bf1 Rag8 34. Qd2 $2 {[%emt 0:01:58] [#]} (34. Kh1) (34. Kh1) 34... Rg3 $1 {[%emt 0:01:00][%cal Of6e4][%mdl 512] And now ...Nxe4! would win.} 35. Qc3 (35. gxh3 Rxg1) 35... hxg2 36. Rgxg2 {[%emt 0:05:25][%cal Oc3e5] [#]} Nd7 37. Bxg3 (37. Kh1 $142) 37... fxg3+ 38. Kg1 h4 {[%emt 0:00:28] Hoping for ...h3. Chess con chili.} 39. Ne2 Bc4 {[%emt 0:01:52] ...Nf6 is the strong threat. This pair of bishops is nice.} 40. Rd2 $2 (40. f4) 40... Nf6 41. Rd3 Bxd3 42. Qxd3 Qxb4 43. Kh1 Qe1 44. Nc3 h3 45. Rg1 g2+ {[%emt 0:00:07] Weighted Error Value: White=1.08/Black=0.61} 0-1